 Dungeon Crawl Stone Soup version 0.22.1-2-g9c5b331 (webtiles) character file.

1860 Fang the Chopper (level 9, -2/54 HPs)
             Began as a Gargoyle Fighter on Nov 19, 2018.
             Slain by an orc warrior
             ... wielding a +0 long sword
              (8 damage)
             ... on level 6 of the Dungeon.
             The game lasted 00:06:28 (5325 turns).

Fang the Chopper (Gargoyle Fighter)                 Turns: 5325, Time: 00:06:28

Health: -2/54      AC: 15    Str: 23    XL:     9   Next: 13%
Magic:  9/9        EV:  9    Int:  9    God:
Gold:   312        SH: 10    Dex:  9    Spells: 8/8 levels left

rFire    . . .     SeeInvis .   a - +0 war axe
rCold    . . .     Gourm    .   c - +0 shield
rNeg     + + .     Faith    .   b - +0 scale mail
rPois    ∞         Spirit   .   w - +1 hat
rElec    +         Reflect  .   (no cloak)
rCorr    .         Harm     .   (no gloves)
MR       .....                  (no boots)
Stlth    ..........             (no amulet)
HPRegen  0.18/turn              i - ring of positive energy
MPRegen  0.11/turn              (no ring)

@: no status effects
A: negative energy resistance 1, electricity resistance, unbreathing,
petrification resistance, rot immunity, AC +6
a: no special abilities


You were on level 6 of the Dungeon.
You were not hungry.

You visited 1 branch of the dungeon, and saw 6 of its levels.

You collected 312 gold pieces.

Inventory:

Hand Weapons
 a - a +0 war axe (weapon)
Armour
 b - a +0 scale mail (worn)
 c - a +0 shield (worn)
 w - a +1 hat (worn)
Jewellery
 i - a ring of positive energy (left hand)
Wands
 q - a wand of polymorph (15)
 r - a wand of random effects (23)
 s - a wand of disintegration (12)
Scrolls
 e - 6 scrolls of identify {unknown}
 h - a scroll of fear {unknown}
 k - a scroll of enchant armour {unknown}
 l - 2 scrolls of amnesia {unknown}
 n - 2 scrolls of random uselessness {unknown}
 o - 4 scrolls of magic mapping {unknown}
 p - 4 scrolls of remove curse {unknown}
 t - a scroll of enchant weapon {unknown}
 u - 3 scrolls of teleportation {unknown}
Potions
 d - a potion of might
 g - a potion of haste {unknown}
 j - 3 potions of flight {unknown}
 m - 3 potions of curing {unknown}
 v - a potion of heal wounds {unknown}
 x - 2 potions of cancellation {unknown}
 z - a potion of mutation {unknown}
 A - a potion of agility {unknown}
 B - a potion of degeneration {unknown}
 C - a potion of magic {unknown}
 D - a potion of berserk rage {unknown}
 E - a potion of invisibility {unknown}
Comestibles
 f - 7 rations
 F - 3 chunks of flesh


   Skills:
 + Level 5.3 Fighting
 + Level 6.7 Axes
 + Level 6.1 Armour
 + Level 3.0 Dodging
 + Level 0.5 Stealth
 + Level 6.6 Shields
 + Level 0.4 Unarmed Combat


You had 8 spell levels left.
You didn't know any spells.
Your spell library was empty.

Dungeon Overview and Level Annotations

Branches:
Dungeon (6/15)
 Temple: D:4-7

Altars:
Hepliaklqana
Makhleb
The Shining One


Innate Abilities, Weirdness & Mutations

You are resistant to torment.
Your stone body is resilient. (AC +6)
You are immune to poison.
You resist negative energy. (rN+)
You are resistant to electric shocks. (rElec)
You can survive without breathing.
You are immune to petrification.
You are immune to rotting.


Message History

The orc warrior hits you with a long sword!
You are too injured to fight recklessly!
You are too injured to fight recklessly!
You are too injured to fight recklessly!
You are too injured to fight recklessly!
You are too injured to fight recklessly!
You are too injured to fight recklessly!
You are too injured to fight recklessly!
You hit the orc warrior but do no damage.
The orc warrior is lightly wounded.
The orc warrior hits you with a long sword!
* * * LOW HITPOINT WARNING * * *
You hit the orc warrior.
The orc warrior is moderately wounded.
The orc warrior hits you with a long sword.
* * * LOW HITPOINT WARNING * * *
You hit the orc warrior but do no damage.
The orc warrior is moderately wounded.
The orc warrior hits you with a long sword!
You die...

######## ##..>...##
##........#
#..........
#..........
#.)†.......
#..@o......
#####..†.......
.....#.....(..#####
####
.....#.)........
..##...
..%?...........#
......
...............#
#.....
...............#
#)....
...............#
#<)...
...............#
##)†...


You could see an orc warrior.

Vanquished Creatures
  An ice beast (D:6)
  A phantom (D:5)
  4 centaurs
  A scorpion (D:2)
  9 wights (D:6)
  3 crimson imps
  A hound (D:4)
  An orc priest (D:3)
  2 orc wizards
  A bullfrog skeleton (D:6)
  A centaur skeleton (D:5)
  Jessica (D:3)
  An iguana (D:4)
  Ijyb (D:3)
  10 worker ants
  9 gnolls
  12 adders
  A shadow imp (D:5)
  2 oozes
  An adder zombie (D:5)
  3 dart slugs (D:1)
  2 worms
  7 leopard geckos
  20 orcs
  7 bats
  6 giant cockroaches
  10 goblins
  11 hobgoblins
  15 jackals
  5 quokkas
  3 ball pythons
  7 frilled lizards
  3 kobolds (D:1)
  A quokka skeleton (D:6)
  A quokka zombie (D:6)
  8 rats
172 creatures vanquished.

Notes
Turn   | Place    | Note
-------+----------+-------------------------------------------
     0 | D:1      | Fang the Gargoyle Fighter began the quest for the Orb.
     0 | D:1      | Reached XP level 1. HP: 14/14 MP: 1/1
   131 | D:1      | Reached XP level 2. HP: 18/19 MP: 2/2
   193 | D:1      | Reached XP level 3. HP: 13/23 MP: 3/3
  1136 | D:2      | Noticed a scorpion
  1149 | D:2      | Killed a scorpion
  1149 | D:2      | Reached XP level 4. HP: 18/29 MP: 4/4
  1318 | D:2      | Reached XP level 5. HP: 29/33 MP: 5/5
  1427 | D:2      | Reached skill level 1 in Dodging
  1949 | D:3      | Reached XP level 6. HP: 38/38 MP: 6/6
  2028 | D:3      | Found a glowing golden altar of the Shining One.
  2113 | D:3      | Noticed Jessica
  2133 | D:3      | Killed Jessica
  2466 | D:3      | Noticed Ijyb
  2492 | D:3      | Killed Ijyb
  2758 | D:3      | You fall through a shaft!
  3177 | D:3      | Found a hazy altar of Hepliaklqana.
  3361 | D:4      | Reached XP level 7. HP: 41/43 MP: 7/7
  3451 | D:4      | Reached skill level 5 in Shields
  3777 | D:5      | Entered Level 5 of the Dungeon
  3956 | D:5      | Found a burning altar of Makhleb.
  4103 | D:5      | Reached skill level 5 in Armour
  4141 | D:5      | Reached skill level 5 in Axes
  4203 | D:5      | Reached XP level 8. HP: 45/48 MP: 8/8
  5103 | D:6      | Reached skill level 5 in Fighting
  5167 | D:6      | Reached XP level 9. HP: 45/54 MP: 9/9
  5325 | D:6      | Slain by an orc warrior

Skill      XL: |  1  2  3  4  5  6  7  8 |
---------------+-------------------------+-----
Axes           | 2 3 4 5 6 |  6.7
Shields        | 4 5 6 |  6.6
Dodging        | 1 2 3 |  3.0
Armour         | 4 5 6 |  6.1
Fighting       | 4 5 |  5.3
Stealth        | |  0.5
Unarmed Combat | |  0.4

Action                   |  1- 3 |  4- 6 |  7- 9 || total
-------------------------+-------+-------+-------++-------
Melee: War axe           |   134 |   255 |   321 ||   710
       Unarmed           |       |     8 |       ||     8
 Stab: Confused          |       |     1 |       ||     1
  Eat: Chunk             |     1 |     8 |     7 ||    16
Armor: Scale mail        |    75 |   142 |   176 ||   393
       Skin              |       |     2 |       ||     2
Dodge: Dodged            |    47 |    94 |   126 ||   267
Block: Shield            |    76 |   164 |   187 ||   427
